 Dungeon Crawl Stone Soup version 0.21-a0-29-g43b3074 (webtiles) character file.

370764 pkoi the Minotaur Blade (level 21, -13/203 HPs)
             Began as a Minotaur Fighter on May 25, 2017.
             Was the Champion of Okawaru.
             Killed from afar by a frost giant (55 damage)
             ... with a bolt of cold
             ... on level 1 of the Depths on May 26, 2017.
             The game lasted 02:18:25 (50552 turns).

pkoi the Minotaur Blade (Minotaur Fighter)         Turns: 50552, Time: 02:18:25

Health: -13/203    AC: 27    Str: 27    XL:     21   Next: 69%
Magic:  36/36      EV: 13    Int: 12    God:    Okawaru [******]
Gold:   2651       SH: 15    Dex: 12    Spells: 25/26 levels left

rFire    + + +     SeeInvis +   a - +4 scimitar "Humant" {freeze, *Noise MR+ Int+9 Stlth+}
rCold    . . .     Gourm    .   g - +2 buckler
rNeg     + + .     Faith    .   w - +3 plate armour of Plog {*Drain rPois rF+++ Regen+}
rPois    +         Spirit   .   A - +0 hat of the New World {SInv}
rElec    +         Reflect  +   M - scarf {repulsion}
rCorr    .         Harm     .   E - +3 pair of gloves of Reaneir {rElec MP+9 Int-4 Slay+3}
MR       ++...                  T - +1 pair of boots {Stlth+}
Stlth    ..........             S - +5 amulet of reflection
Regen    0.9/turn               d - ring of Quq Qozo {rN++ Slay+3}
MPRegen  0.3/turn               n - +5 ring of slaying

@: repel missiles
A: retaliatory headbutt, horns 2, subdued magic 1
}: 2/15 runes: decaying, gossamer
a: Heroism, Finesse, Renounce Religion


You were on level 1 of the Depths.
You worshipped Okawaru.
Okawaru was exalted by your worship.
You were not hungry.

You visited 8 branches of the dungeon, and saw 39 of its levels.
You visited the Abyss 1 time.
You visited 1 bazaar.
You also visited: Labyrinth and Volcano.

You collected 4613 gold pieces.
You spent 1962 gold pieces at shops.

Inventory:

Hand Weapons
 a - the +4 scimitar "Humant" (weapon) {freeze, *Noise MR+ Int+9 Stlth+}
   (Okawaru gifted it to you on level 2 of the Lair of Beasts)

   It has been specially enchanted to freeze those struck by it, causing extra
   injury to most foes and up to half again as much damage against particularly
   susceptible opponents.
   It can also slow down cold-blooded creatures.
   It affects your intelligence (+9).
   It affects your resistance to hostile enchantments.
   It may make noises in combat.
   It makes you more stealthy.
 b - a +2 scimitar of flaming
Missiles
 l - 20 silver javelins
 D - 8 javelins of returning (quivered)
 H - 6 steel javelins
 L - 4 poisoned javelins
 W - 6 javelins of penetration
Armour
 g - a +2 buckler (worn)
 w - the +3 plate armour of Plog (worn) {*Drain rPois rF+++ Regen+}
   (Okawaru gifted it to you on level 4 of the Dungeon)

   It renders you almost immune to fire.
   It protects you from poison.
   It increases your rate of regeneration.
   It causes draining when unequipped.
 A - the +0 hat of the New World (worn) {SInv}
   (You found it on level 3 of the Lair of Beasts)

   It lets you see invisible.
 B - the +0 hat "Woimiu Funi" {MR+}
   (Okawaru gifted it to you on level 4 of the Spider Nest)

   It affects your resistance to hostile enchantments.
 E - the +3 pair of gloves of Reaneir (worn) {rElec MP+9 Int-4 Slay+3}
   (Okawaru gifted it to you on level 1 of the Spider Nest)

   It affects your intelligence (-4).
   It affects your accuracy and damage with ranged weapons and melee attacks
   (+3).
   It insulates you from electricity.
   It affects your magic capacity (+9).
 M - a scarf of repulsion (worn)
 T - a +1 pair of boots of stealth (worn)
Jewellery
 d - the ring of Quq Qozo (left hand) {rN++ Slay+3}
   (You bought it in a shop in a bazaar)

   [ring of slaying]

   It affects your accuracy and damage with ranged weapons and melee attacks
   (+3).
   It greatly protects you from negative energy.
 n - a +5 ring of slaying (right hand)
 S - a +5 amulet of reflection (around neck)
Wands
 u - a wand of polymorph (6/24)
 G - a wand of disintegration (19/24)
 P - a wand of digging (11/24)
Scrolls
 k - 7 scrolls of fear
 m - 16 scrolls of remove curse
 o - 4 scrolls of identify
 r - 2 scrolls of amnesia
 y - a scroll of recharging
 J - a scroll of silence
 K - 4 scrolls of fog
 O - 3 scrolls of blinking
 R - a scroll of holy word
 U - 7 scrolls of magic mapping
 X - 4 scrolls of teleportation
 Y - a scroll of enchant armour
Potions
 c - 2 potions of ambrosia
 e - 2 potions of magic
 j - 4 potions of invisibility
 p - a potion of cancellation
 q - 2 potions of resistance
 s - 10 potions of heal wounds
 t - 7 potions of might
 v - 13 potions of curing
 x - 5 potions of agility
 I - 11 potions of haste
 N - 6 potions of flight
 Q - 4 potions of berserk rage
Miscellaneous
 V - a box of beasts
Comestibles
 f - 18 bread rations
 h - 16 meat rations
 i - 20 royal jellies
 z - 28 fruits
 C - 5 chunks of flesh


   Skills:
 + Level 20.8 Fighting
 + Level 21.7 Long Blades
 + Level 14.9 Throwing
 - Level 16.4 Armour
 - Level 10.9 Dodging
 + Level 17.8 Shields
 - Level 3.1 Spellcasting
 - Level 3.4 Translocations
 - Level 9.5 Invocations
 - Level 5.7 Evocations


You had 25 spell levels left.
You knew the following spells:

 Your Spells              Type           Power        Failure   Level  Hunger
a - Apportation           Tloc           #.....       30%         1    #......


Dungeon Overview and Level Annotations

Branches:
Dungeon (15/15)            Temple (0/1) D:5            Lair (6/6) D:10
  Swamp (4/4) Lair:3       Spider (4/4) Lair:2        Slime (0/5) Lair:6
    Orc (2/2) D:11            Elf (3/3) Orc:2        Vaults (4/5) D:13
  Crypt (0/3) Vaults:2     Depths (1/5) D:15

Altars:
Cheibriados
Elyvilon
Fedhas
Makhleb
Nemelex Xobeh
Okawaru
Sif Muna
Vehumet
Wu Jian
Xom
The Shining One
Beogh

Shops:
D:5 *   D:6 *   D:10 *   D:11 [(   Orc:2 [}!   Vaults:1 !

Portals:
Trove: Vaults:3 (give horn of Geryon)

Annotations:
D:4 exclusion: statue
Lair:3 exclusion: 4 oklob plants
Elf:2 3 runed doors


Innate Abilities, Weirdness & Mutations

You reflexively headbutt those who attack you in melee.
You have a pair of horns on your head.
Your spells are a little easier to cast, but a little less powerful.


Message History

The fire giant barely misses you. You furiously retaliate!
You headbutt the fire giant!!
You riposte.
You slice the fire giant!! You freeze the fire giant.
You headbutt the fire giant.
You kill the fire giant!
Okawaru accepts your kill.
You see here a great sword of flaming.
Unknown command.
You enter the shallow water.
Moving in this stuff is going to be slow.
A frost giant comes into view. It is wielding a battleaxe of freezing.
The frost giant shouts!
You see here an uncursed shortbow.
The frost giant points at you and mumbles some strange words.
The bolt of cold hits you!
* * * LOW HITPOINT WARNING * * *
There is a staircase back to the Dungeon, spattered with blood here.
You see here a large rock.
The frost giant gestures at you while chanting.
The bolt of cold hits you!
You die...

#.... ....≈≈≈≈≈
#....##...≈(≈≈≈≈≈
.......!....≈≈≈.
#......≈≈≈.....
#..%...≈≈≈≈≈.(.
#....≈≈≈≈≈(...
##...)≈≈≈....>.
###....)≈≈.......
#.......@........
#.....(..........
#...(......#..≈≈≈
####......## .≈≈≈
#.....##C ≈≈.
#....... .. ..
#....... ≈.. .
....###. ≈≈..
#..# ≈..#


You could see a frost giant.

Vanquished Creatures
  Mara (Swamp:4)
  the Lernaean hydra (Swamp:4)
  Arachne (Spider:2)
  A lich (Vaults:3)
  A Hell Sentinel (Abyss:2)
  Rupert (Spider:1)
  2 deep elf blademasters (Elf:3)
  The ghost of grandjackal the Fencer, an adept TeBe of Trog (Elf:3)
  2 deep elf master archers (Elf:3)
  An acid blob (Lair:6)
  2 sphinxes (Vaults:3)
  2 tentacled starspawn (Abyss:2)
  The ghost of Trogdor666 the Fencer, an adept DsAK of Lugonu (Swamp:2)
  A storm dragon (Vaults:3)
  3 thorn hunters
  7 deep elf sorcerers
  3 fire giants
  3 ghost moths (Spider:4)
  A frost giant (Vaults:2)
  Louise (Elf:3)
  7 vault wardens
  6 emperor scorpions
  Aizul (Spider:4)
  2 deep elf elementalists (Elf:3)
  A curse skull (Vaults:2)
  6 very ugly things
  9 ironheart preservers
  A war gargoyle (Vaults:2)
  7 stone giants
  4 entropy weavers
  Nessos (Lair:6)
  10 deep elf demonologists
  9 deep elf annihilators
  Azrael (Spider:2)
  6 deep elf death magi
  3 spark wasps
  2 ettins
  A merfolk impaler (D:15)
  7 yaktaur captains
  4 great orbs of eyes
  3 deep elf high priests
  A minotaur (Lab)
  5 rakshasas
  8 vault guards (D:13)
  7 ice dragons
  Fannar (Lair:1)
  18 hydras
  2 ghost crabs (Swamp:2)
  Erica (D:8)
  12 alligators
  22 two-headed ogres
  3 catoblepae (Lair:6)
  15 dancing weapons
  3 death knights
  5 centaur warriors
  9 ogre magi
  18 death yaks
  2 tengu warriors
  A hell hog (Abyss:2)
  5 orc high priests
  A shock serpent (shapeshifter) (Vaults:4)
  10 spriggans
  A fire crab (Lair:5)
  15 deep elf knights
  3 wretched stars (Abyss:2)
  A sun demon (Volcano)
  3 unseen horrors
  3 shadow wraiths
  A spriggan druid (Swamp:4)
  11 deep elf archers
  2 unseen horrors (shapeshifter)
  8 deep trolls
  2 shambling mangroves
  2 phantasmal warriors (Vaults:2)
  A flayed ghost (Vaults:1)
  A wizard (Vaults:3)
  12 swamp dragons
  Pikel (D:8)
  2 necromancers
  5 harpies
  3 large abominations (Abyss:2)
  8 ironbrand convokers
  15 ugly things
  4 orc sorcerers
  2 manticores (Lair:6)
  25 orb spiders
  9 cyclopes
  A tengu skeleton (Vaults:4)
  17 orc knights
  31 wolf spiders
  53 deep elf magi
  A worldbinder (Abyss:2)
  6 black mambas
  A moth of wrath (Spider:4)
  An apocalypse crab (Abyss:2)
  2 torpor snails
  An eye of devastation (shapeshifter) (D:13)
  13 elephants
  A molten gargoyle (Volcano)
  2 gargoyles
  11 vault sentinels
  A hellion (Abyss:2)
  19 spiny frogs
  2 smoke demons (Abyss:2)
  27 yaktaurs
  A human zombie (Vaults:4)
  11 demonic crawlers
  2 kobold demonologists (Swamp:1)
  2 freezing wraiths
  5 starcursed masses (Abyss:2)
  11 komodo dragons
  4 tengu conjurers
  An ancient zyme (Abyss:2)
  45 jumping spiders
  7 small abominations
  A red devil (Volcano)
  2 trolls
  A meliai (shapeshifter) (Vaults:4)
  28 hornets
  5 tyrant leeches
  A polar bear (Lair:5)
  A sphinx simulacrum (Vaults:4)
  Prince Ribbit (D:6)
  11 slime creatures
  A raiju (shapeshifter) (Elf:1)
  11 hippogriffs
  7 raiju (Abyss:2)
  3 blink frogs (Swamp:3)
  5 bog bodies
  A frost giant simulacrum (Vaults:2)
  A meliai zombie (D:15)
  4 dream sheep (Lair:2)
  An air elemental (Elf:3)
  41 tarantellas
  4 water elementals
  3 shadows
  An ettin skeleton (Vaults:4)
  104 redbacks
  5 fire bats (Volcano)
  31 yaks
  5 fire elementals
  A wraith (D:15)
  4 hungry ghosts
  3 wyverns
  3 basilisks
  A hog (shapeshifter) (Abyss:2)
  20 vampire mosquitoes
  A golden eye (shapeshifter) (Depths:1)
  5 wargs
  9 insubstantial wisps (Swamp:1)
  28 swamp worms
  2 acid dragons
  17 water moccasins
  Duvessa (D:4)
  10 porcupines
  6 hell hounds
  40 orc warriors
  13 swamp drakes
  8 ice beasts
  2 black bears
  2 necrophages
  32 ogres
  4 sky beasts
  3 phantoms
  A black bear (shapeshifter) (Elf:2)
  The ghost of Nezclaw the Skirmisher, an amateur MfCK of Xom (D:3)
  5 boggarts
  An eye of draining (D:13)
  29 wolves
  18 centaurs
  11 crocodiles
  3 big kobolds
  14 bullfrogs
  2 gnoll sergeants
  2 earth elementals
  Dowan (D:4)
  5 scorpions
  4 wights
  4 killer bees
  An electric eel (Spider:3)
  3 howler monkeys
  8 lava snakes (Volcano)
  4 bullfrog zombies
  10 crimson imps
  4 centaur zombies
  2 hounds
  27 orc priests
  3 bullfrog skeletons
  An iron imp (Abyss:2)
  8 jellies
  2 iguanas (D:5)
  6 centaur skeletons
  Terence (D:3)
  41 orc wizards
  15 worker ants
  A hound skeleton (D:5)
  A howler monkey zombie (D:6)
  2 worker ant zombies
  16 adders
  10 gnolls
  A howler monkey skeleton (D:11)
  8 shadow imps
  22 oozes
  An adder skeleton (D:8)
  2 worms
  3 dart slugs
  6 leopard geckos
  106 orcs
  6 ball pythons
  8 bats
  5 giant cockroaches
  5 goblins
  4 hobgoblins
  15 jackals
  27 kobolds
  4 quokkas
  3 frilled lizards
  A leopard gecko skeleton (D:7)
  A leopard gecko zombie (D:5)
  2 quokka skeletons
  A quokka zombie (D:9)
  4 rats
  2 crawling corpses (Elf:1)
  3 starspawn tentacles (Abyss:2)
1696 creatures vanquished.

Vanquished Creatures (others)
  A deep elf archer (Elf:3)
  2 deep elf magi
  2 cyclopes
  A demonic crawler (Spider:2)
  A komodo dragon (Lair:6)
  4 yaktaurs
  A jumping spider (Spider:3)
  A swamp worm (Swamp:2)
  3 slaves (D:9)
  A small abomination (Abyss:2)
  A centaur zombie (Abyss:2)
  A hound (D:9)
  An orc wizard (Orc:1)
  An orc (D:9)
  A kobold (D:13)
  20 fungi
  24 plants
  6 starspawn tentacles (Abyss:2)
72 creatures vanquished.

Grand Total: 1768 creatures vanquished

Notes
Turn   | Place    | Note
-------+----------+-------------------------------------------
     0 | D:1      | pkoi the Minotaur Fighter began the quest for the Orb.
     0 | D:1      | Reached XP level 1. HP: 19/19 MP: 0/0
   156 | D:1      | Reached XP level 2. HP: 24/26 MP: 1/1
   913 | D:2      | Reached skill level 3 in Long Blades
   913 | D:2      | Reached XP level 3. HP: 31/31 MP: 2/2
  1485 | D:2      | Reached XP level 4. HP: 30/39 MP: 3/3
  1696 | D:3      | Noticed Nezclaw's ghost (amateur MfCK)
  1905 | D:3      | Noticed Terence
  2186 | D:4      | Identified the Collected Works on Orientation
  2240 | D:4      | Reached skill level 5 in Armour
  2259 | D:4      | Reached skill level 4 in Long Blades
  2377 | D:4      | Found a radiant altar of Vehumet.
  2377 | D:4      | Noticed a charred statue
  2418 | D:4      | Reached XP level 5. HP: 45/45 MP: 4/4
  2539 | D:4      | Reached skill level 5 in Long Blades
  2541 | D:4      | Noticed a phantom
  2570 | D:4      | Killed a phantom
  2570 | D:4      | Reached skill level 6 in Long Blades
  2570 | D:4      | Reached XP level 6. HP: 31/51 MP: 5/5
  3299 | D:4      | Reached skill level 7 in Long Blades
  3370 | D:5      | Entered Level 5 of the Dungeon
  3402 | D:5      | Noticed an ice beast
  3403 | D:5      | Noticed Duvessa
  3404 | D:5      | Noticed Dowan
  3422 | D:4      | Killed an ice beast
  3422 | D:4      | Reached XP level 7. HP: 15/57 MP: 6/6
  3620 | D:3      | Killed Terence
  3620 | D:3      | Reached skill level 8 in Long Blades
  3634 | D:3      | Found an iron altar of Okawaru.
  3986 | D:3      | Became a worshipper of Warmaster Okawaru
  4030 | D:3      | HP: 2/57 [Nezclaw's ghost (2)]
  4331 | D:3      | Killed Nezclaw's ghost
  4597 | D:5      | Found a staircase to the Ecumenical Temple.
  4693 | D:5      | Reached skill level 9 in Long Blades
  4693 | D:5      | Reached skill level 1 in Throwing
  5444 | D:5      | Found an ornate altar of the Wu Jian Council.
  5493 | D:5      | Reached XP level 8. HP: 58/67 MP: 7/7
  5554 | D:5      | Found Biops's General Store.
  5556 | D:5      | Reached * piety under Okawaru
  5677 | D:6      | Noticed Prince Ribbit
  5704 | D:6      | Killed Prince Ribbit
  5704 | D:6      | Reached skill level 1 in Invocations
  6000 | D:6      | Found a white marble altar of Elyvilon.
  6017 | D:6      | Reached skill level 5 in Fighting
  6095 | D:6      | Reached ** piety under Okawaru
  6096 | D:6      | Found Doili's Assorted Antiques.
  6429 | D:6      | Reached skill level 10 in Long Blades
  6639 | D:6      | Reached XP level 9. HP: 75/75 MP: 10/10
  6787 | D:6      | Noticed a troll
  7274 | D:7      | Reached *** piety under Okawaru
  7469 | D:7      | Found a blossoming altar of Fedhas.
  7719 | D:7      | Reached skill level 5 in Throwing
  8124 | D:8      | Found a snail-covered altar of Cheibriados.
  8215 | D:8      | Found a glowing golden altar of the Shining One.
  8413 | D:8      | Reached skill level 5 in Invocations
  8426 | D:8      | Noticed Erica
  8454 | D:8      | Reached skill level 11 in Long Blades
  8471 | D:8      | Reached skill level 1 in Dodging
  8585 | D:8      | Reached **** piety under Okawaru
  8822 | D:8      | Found a burning altar of Makhleb.
  8947 | D:8      | Noticed a kobold demonologist
  8947 | D:8      | Noticed a kobold demonologist
  9069 | D:8      | Noticed an orange demon
  9070 | D:8      | Noticed an orange demon
  9085 | D:9      | Noticed Pikel
  9086 | D:9      | Reached XP level 10. HP: 87/88 MP: 12/12
  9335 | D:9      | Found a white marble altar of Elyvilon.
  9340 | D:9      | Found a shimmering altar of Xom.
  9343 | D:9      | Found a deep blue altar of Sif Muna.
  9377 | D:9      | Received a gift from Okawaru
  9543 | D:9      | Identified the Incunabulum of Heat and Stones
  9642 | D:8      | Killed Pikel
  9667 | D:9      | Found a sparkling altar of Nemelex Xobeh.
  9894 | D:9      | Reached ***** piety under Okawaru
  9894 | D:9      | Received a gift from Okawaru
 10108 | D:8      | Killed Erica
 10108 | D:8      | Reached skill level 12 in Long Blades
 10136 | D:10     | Entered Level 10 of the Dungeon
 10302 | D:10     | Found a staircase to the Lair.
 10447 | D:10     | Noticed a cyclops
 10472 | D:10     | Killed a cyclops
 10472 | D:10     | Reached skill level 5 in Dodging
 10487 | D:10     | Found Ruimumad's Assorted Antiques.
 10594 | D:10     | Bought an embroidered scarf for 224 gold pieces
 10780 | Lair:1   | Entered Level 1 of the Lair of Beasts
 10780 | Lair:1   | Noticed a spiny frog
 10780 | Lair:1   | Noticed a five-headed hydra
 10798 | D:10     | Reached XP level 11. HP: 82/97 MP: 10/13
 10966 | Lair:1   | Killed a one-headed hydra
 11027 | Lair:1   | Reached skill level 10 in Fighting
 11156 | Lair:1   | Noticed Fannar
 11178 | Lair:1   | Killed Fannar
 11444 | Lair:1   | Received a gift from Okawaru
 12280 | Lair:2   | Received a gift from Okawaru
 12283 | Lair:2   | Got a polished scimitar {god gift}
 12284 | Lair:2   | Identified the +4 scimitar "Humant" {freeze, *Noise MR+ Int+9 Stlth+} (Okawaru gifted it to you on level 2 of the Lair of Beasts)
 12315 | Lair:2   | Found a hole to the Spider Nest.
 12403 | Lair:2   | Reached skill level 13 in Long Blades
 12507 | Lair:2   | Noticed a five-headed hydra
 12513 | Lair:2   | Killed a one-headed hydra
 12513 | Lair:2   | Reached skill level 10 in Armour
 12931 | Lair:2   | Reached XP level 12. HP: 108/108 MP: 16/16
 12956 | Lair:2   | Reached skill level 5 in Shields
 13114 | Lair:3   | Noticed a five-headed hydra
 13123 | Lair:3   | Killed a one-headed hydra
 13123 | Lair:3   | Received a gift from Okawaru
 13124 | Lair:3   | Got a faintly humming scale mail {god gift}
 13199 | Lair:3   | Reached ****** piety under Okawaru
 13484 | Lair:3   | Found a staircase to the Swamp.
 13749 | Lair:3   | Found a dark tunnel.
 13759 | Volcano  | Entered a volcano
 14064 | Volcano  | Found a radiant altar of Vehumet.
 14401 | Lair:3   | Identified the +1 scale mail "Sumari Ebyos" {rF- MR++ Slay+2} (Okawaru gifted it to you on level 3 of the Lair of Beasts)
 14508 | Lair:3   | Got a twisted hat
 14553 | Lair:3   | Identified the +0 hat of the New World {SInv} (You found it on level 3 of the Lair of Beasts)
 15471 | Lair:4   | Noticed a four-headed hydra
 15478 | Lair:4   | Killed a one-headed hydra
 15478 | Lair:4   | Received a gift from Okawaru
 15763 | Lair:4   | Noticed a death yak
 15763 | Lair:4   | Noticed a death yak
 15835 | Lair:3   | Killed a death yak
 15839 | Lair:4   | Noticed a death yak
 15839 | Lair:4   | Noticed a death yak
 15840 | Lair:4   | Noticed a death yak
 15847 | Lair:3   | Killed a death yak
 15847 | Lair:3   | Reached XP level 13. HP: 64/118 MP: 18/18
 16089 | Lair:4   | Reached skill level 14 in Long Blades
 17113 | Lair:3   | Received a gift from Okawaru
 17734 | Lair:5   | Received a gift from Okawaru
 17734 | Lair:5   | Reached skill level 1 in Evocations
 19225 | Lair:6   | Entered Level 6 of the Lair of Beasts
 19247 | Lair:6   | Reached XP level 14. HP: 129/129 MP: 19/19
 19322 | Lair:6   | Found a labyrinth entrance.
 19331 | Lab      | Entered a labyrinth
 19602 | Lab      | Got a smoking trident {pierce}
 19608 | Lab      | Identified the Collected Works on Dislocated Dark Secrets
 20060 | Lair:6   | Reached skill level 10 in Dodging
 20082 | Lair:6   | Noticed Nessos
 20087 | Lair:6   | Killed Nessos
 20184 | Lair:6   | Found a staircase to the Slime Pits.
 20239 | Lair:6   | Received a gift from Okawaru
 20295 | Lair:6   | Reached skill level 15 in Long Blades
 20952 | Lair:6   | Noticed an acid blob
 20983 | Lair:6   | Killed an acid blob
 21183 | Lair:5   | Received a gift from Okawaru
 21954 | D:10     | Bought a scroll of blinking for 210 gold pieces
 21954 | D:10     | Bought a potion of heal wounds for 140 gold pieces
 22453 | D:4      | Killed Duvessa
 22453 | D:4      | Received a gift from Okawaru
 22456 | D:4      | Killed Dowan
 22460 | D:4      | Got a shimmering plate armour {god gift}
 22471 | D:4      | Identified the +3 plate armour of Plog {*Drain rPois rF+++ Regen+} (Okawaru gifted it to you on level 4 of the Dungeon)
 22640 | D:11     | Found Hoekliv's Armour Shop.
 22694 | D:11     | Found Kilomap's Antique Weapon Boutique.
 22723 | D:11     | Found a staircase to the Orcish Mines.
 23576 | D:12     | Identified a scroll of acquirement
 23577 | D:12     | Got a faintly glowing amber ring
 23578 | D:12     | Identified the ring of Salvation {rCorr rF+ Str+2 Int+4} (You acquired it on level 12 of the Dungeon)
 23904 | D:12     | Learned a level 1 spell: Apportation
 24091 | D:13     | Reached skill level 1 in Translocations
 24097 | D:13     | Reached skill level 1 in Spellcasting
 24205 | D:13     | Found a gate to the Vaults.
 24277 | D:13     | Reached XP level 15. HP: 130/135 MP: 20/20
 24482 | D:13     | Received a gift from Okawaru
 24810 | Swamp:1  | Entered Level 1 of the Swamp
 25259 | Swamp:1  | Reached skill level 16 in Long Blades
 25930 | Swamp:2  | Noticed Trogdor666's ghost (adept DsAK)
 25945 | Swamp:2  | Killed Trogdor666's ghost
 26053 | Swamp:2  | Received a gift from Okawaru
 26156 | Swamp:2  | Received a gift from Okawaru
 26268 | Swamp:2  | Noticed a thorn hunter
 26277 | Swamp:2  | Killed a thorn hunter
 26488 | Swamp:2  | You fall through a shaft!
 26745 | Swamp:3  | Noticed a thorn hunter
 26759 | Swamp:3  | Killed a thorn hunter
 26759 | Swamp:3  | Reached skill level 15 in Armour
 26998 | Swamp:3  | Received a gift from Okawaru
 27410 | Spider:1 | Entered Level 1 of the Spider Nest
 27436 | Spider:1 | Noticed Rupert
 27812 | Spider:1 | Killed Rupert
 27812 | Spider:1 | Reached XP level 16. HP: 139/147 MP: 14/21
 27835 | Spider:1 | Reached skill level 17 in Long Blades
 27871 | Spider:1 | Received a gift from Okawaru
 27899 | Spider:1 | Got a pair of brightly glowing gloves {god gift}
 27900 | Spider:1 | Identified the +3 pair of gloves of Reaneir {rElec MP+9 Int-4 Slay+3} (Okawaru gifted it to you on level 1 of the Spider Nest)
 29084 | Orc:1    | Entered Level 1 of the Orcish Mines
 29239 | Orc:1    | Found a roughly hewn altar of Beogh.
 29577 | Orc:1    | Found a deep blue altar of Sif Muna.
 29740 | Orc:2    | Entered Level 2 of the Orcish Mines
 29788 | Orc:2    | Found a staircase to the Elven Halls.
 30749 | Orc:2    | Reached skill level 15 in Fighting
 30984 | Orc:2    | Found Inin's Antique Armour Shop.
 30985 | Orc:2    | Found Yrisemm's Armour Shop.
 30986 | Orc:2    | Found Joavaawn's Distillery.
 30989 | Orc:2    | Found Urux's Gadget Boutique.
 30998 | Orc:2    | Bought a potion of heal wounds for 70 gold pieces
 30998 | Orc:2    | Bought a potion of curing for 42 gold pieces
 30998 | Orc:2    | Bought a potion of haste for 140 gold pieces
 31068 | Orc:2    | Upgraded the game from 0.21-a0-28-g9a7844a to 0.21-a0-29-g43b3074
 31237 | Spider:2 | Noticed Arachne
 31457 | Spider:2 | Received a gift from Okawaru
 31765 | Spider:2 | Received a gift from Okawaru
 31810 | Spider:2 | Killed Arachne
 31822 | Spider:2 | Reached skill level 10 in Shields
 32215 | Spider:1 | Received a gift from Okawaru
 32505 | Spider:2 | Reached XP level 17. HP: 129/158 MP: 22/22
 32814 | Spider:2 | Noticed Azrael
 32835 | Spider:2 | Killed Azrael
 33236 | Spider:3 | Received a gift from Okawaru
 33508 | Spider:3 | Reached skill level 5 in Evocations
 33834 | D:14     | Found a flickering gateway to a bazaar.
 33853 | Bazaar   | Entered a bazaar
 33853 | Bazaar   | Found Ipri's Armour Shop.
 33858 | Bazaar   | Found Liunam's General Store.
 33867 | Bazaar   | Found Tievviam's Armour Shop.
 33875 | Bazaar   | Found Isux's Book Emporium.
 33908 | Bazaar   | Found Ecrymaph's Jewellery Shoppe.
 33916 | Bazaar   | Bought the ring of Quq Qozo {rN++ Slay+3} for 562 gold pieces
 33922 | Bazaar   | Bought a cursed ring of teleportation for 40 gold pieces
 33958 | Bazaar   | Bought the +1 cloak of Starlight {rElec rC+ EV+4 Stlth--} for 534 gold pieces
 34599 | D:15     | Entered Level 15 of the Dungeon
 34666 | D:15     | Found a staircase to the Depths.
 34807 | D:15     | Got a sapphire-studded ring mail
 34808 | D:15     | Identified the +3 ring mail "Xohyup" {Int+4} (You found it on level 15 of the Dungeon)
 35183 | D:15     | Received a gift from Okawaru
 35433 | Depths:1 | Entered Level 1 of the Depths
 35685 | Swamp:4  | Entered Level 4 of the Swamp
 35687 | Swamp:4  | Noticed Mara
 35688 | Swamp:4  | Noticed pkoi's illusion
 35780 | Swamp:4  | Noticed pkoi's illusion
 35835 | Swamp:4  | Killed Mara
 35982 | Swamp:4  | Received a gift from Okawaru
 36620 | Swamp:4  | Reached skill level 18 in Long Blades
 36926 | Swamp:4  | Noticed the 27-headed Lernaean hydra
 36933 | Swamp:4  | Killed the 25-headed Lernaean hydra
 36933 | Swamp:4  | Reached skill level 10 in Throwing
 36933 | Swamp:4  | Reached XP level 18. HP: 68/169 MP: 24/24
 37207 | Swamp:4  | Got a decaying rune of Zot
 37434 | Spider:4 | Entered Level 4 of the Spider Nest
 37800 | Spider:4 | Received a gift from Okawaru
 37803 | Spider:4 | Got a brightly glowing hat {god gift}
 37814 | Spider:4 | Identified the +0 hat "Woimiu Funi" {MR+} (Okawaru gifted it to you on level 4 of the Spider Nest)
 38037 | Spider:4 | Noticed Aizul
 38098 | Spider:4 | Killed Aizul
 39462 | Spider:4 | Got a gossamer rune of Zot
 39741 | Vaults:1 | Entered Level 1 of the Vaults
 40303 | Vaults:1 | Received a gift from Okawaru
 40459 | Vaults:1 | Found Ofeor's Distillery.
 40844 | Vaults:1 | Reached skill level 19 in Long Blades
 41262 | Elf:1    | Entered Level 1 of the Elven Halls
 41336 | Elf:1    | Received a gift from Okawaru
 41561 | Elf:1    | Reached XP level 19. HP: 179/179 MP: 25/25
 41573 | Elf:1    | Received a gift from Okawaru
 41610 | Elf:1    | Noticed a Tzitzimitl
 41762 | Elf:1    | Received a gift from Okawaru
 41832 | Elf:1    | Noticed a Tzitzimitl
 42538 | Elf:2    | Found a runed gate.
 42542 | Elf:2    | Found a runed gate.
 42543 | Elf:2    | Found a runed gate.
 42730 | Elf:2    | Received a gift from Okawaru
 42862 | Elf:3    | Entered Level 3 of the Elven Halls
 42885 | Elf:3    | Noticed grandjackal's ghost (adept TeBe)
 42905 | Elf:3    | Killed grandjackal's ghost
 43067 | Elf:3    | Got a steaming bronze ring
 43068 | Elf:3    | Identified the ring "Empeqija" {+Inv +Fly rPois Dex+6} (You found it on level 3 of the Elven Halls)
 43206 | Elf:3    | Noticed Louise
 43226 | Elf:3    | Killed Louise
 43832 | Elf:3    | Noticed a Tzitzimitl
 43840 | Elf:3    | Reached skill level 15 in Shields
 44059 | Elf:3    | Received a gift from Okawaru
 44211 | Elf:3    | Reached skill level 20 in Long Blades
 44325 | Elf:3    | Cast into level 2 of the Abyss (a deep elf sorcerer)
 44529 | Abyss:2  | Reached XP level 20. HP: 82/191 MP: 26/26
 44791 | Abyss:2  | Received a gift from Okawaru
 44797 | Abyss:2  | Gained mutation: Your spells are much easier to cast, but much less powerful. [a neqoxec]
 44994 | Elf:3    | Escaped the Abyss
 45105 | Elf:3    | Got a scorched falchion {speed}
 45106 | Elf:3    | Identified the +6 falchion "Omelette" {speed, +Blink rF- rN+} (You took it off a deep elf sorcerer on level 3 of the Elven Halls)
 45728 | Vaults:2 | Received a gift from Okawaru
 45992 | Vaults:2 | Found a staircase to the Crypt.
 46007 | Vaults:2 | Received a gift from Okawaru
 46432 | Vaults:2 | Received a gift from Okawaru
 47051 | Vaults:2 | Received a gift from Okawaru
 47147 | Vaults:2 | Received a gift from Okawaru
 47577 | Vaults:2 | Reached skill level 21 in Long Blades
 47764 | Vaults:3 | Received a gift from Okawaru
 47851 | Vaults:3 | Found a portal to a secret trove of treasure.
 47990 | Vaults:3 | Received a gift from Okawaru
 47996 | Vaults:3 | Reached XP level 21. HP: 155/201 MP: 27/27
 48998 | Vaults:4 | Received a gift from Okawaru
 49318 | Vaults:4 | Received a gift from Okawaru
 49508 | Vaults:4 | Received a gift from Okawaru
 49548 | Vaults:4 | Got a dazzling falchion {slice}
 49549 | Vaults:4 | Identified the +9 falchion "Jiynkuo" {slice, *Rage rF++ Str-3 Dex+4} (You took it off an ironbrand convoker on level 4 of the Vaults)
 49752 | Vaults:4 | Received a gift from Okawaru
 50507 | D:15     | Received a gift from Okawaru
 50552 | Depths:1 | Killed from afar by a frost giant

Vault maps used:
D:1:      co_arrival_square_in_a_square_in_a_square, hangedman_glass_teeth,
          patterned_corridor
D:2:      first_bread, hex_large
D:3:      overflow_temple_1_default, uniq_terence
D:4:      vehumet_statue
D:5:      marbit_many_paths, minmay_temple_entry_from_below_a, serial_shops,
          kennysheep_mini, uniq_duvessa
D:6:      serial_shops, shop, minmay_splitting_lines, elyvilon_altar_1,
          uniq_prince_ribbit1
D:7:      fedhas_bush_and_centaur_altar
D:8:      gammafunk_wand_slinger, nicolae_overflow_hidden_temple,
          overflow_temple_1_default, old_standard_altar, uniq_erica
D:9:      minmay_overflow_temple_star_quad, basic_altar, uniq_pikel
D:10:     lair_entry_dummy, serial_shops, nicolae_shop_trees
D:11:     david_orc_2, serial_shops, shop, shop
D:13:     erik_vaults_2
D:14:     serial_shops, bzr_entry_lakeside
D:15:     grunt_enter_depths_giant_problem
Lair:1:   cheibrodos_lair_reptile_den, uniq_fannar
Lair:2:   nicolae_spider_entry_tight_spaces, grunt_megastairs_1
Lair:3:   lemuel_slime, swamp_mist_pool, enter_volcano_2, serial_bayou_shore_b,
          minmay_lair_oklob_chamber
Lair:5:   st_stairs_9, serial_bayou_crossing, lemuel_fruit_fields,
          grunt_megastairs_2
Lair:6:   evilmike_catoblepas_cave, nicolae_slime_entry_slimehenge,
          lab_entry_generic, uniq_nessos
Swamp:1:  evilmike_swamp_ruin_house_6, swamp_pool2, cheibrodos_swamp_kobolds,
          infiniplex_staircase_pool
Swamp:2:  nicolae_swamp_trees_clearing
Swamp:3:  evilmike_swamp_ruin_house_2
Swamp:4:  swamp_old_school, uniq_mara
Spider:1: uniq_rupert
Spider:2: spiders_nest_scorpion_pit, spider_trap, nicolae_arachne_temple,
          uniq_azrael
Spider:3: nicolae_spider_webbed_stairs
Spider:4: spider_rune_water, nicolae_spider_cling_ruins, uniq_aizul
Orc:1:    basic_altar, led_sif_book
Orc:2:    st_orc_mages
Elf:1:    eino_elf_arrival_sip, serial_sigils, serial_sigils_hangedman_gut,
          serial_sigils_hangedman_snap, serial_sigils_hangedman_etch,
          serial_sigils_hangedman_writhe, serial_sigils_hangedman_leer,
          hangedman_elf_represent, grunt_ministairs_13
Elf:3:    elf_hall, uniq_louise
Vaults:1: ontoclasm_vaults_shuriken, nicolae_vaults_display_case,
          ontoclasm_vaults_twist, nicolae_vaults_circle_grid_b, v_misc_10,
          v_misc_27, nicolae_vaults_yaktaur_gun_rack,
          vaults_room_stairs_pillars, serial_shops, shop_fountains
Vaults:2: minmay_crypt_entry_simple_plaza, vaults_room_glass_cross,
          hangedman_vaults_impose, nicolae_vaults_little_squares_2,
          nicolae_vaults_rhombus_5
Vaults:3: nicolae_vaults_rhombus_7, nicolae_vaults_little_squares_3, st_cells,
          hangedman_vaults_pinch, nicolae_vaults_little_squares_6,
          hangedman_vaults_slice, nicolae_vaults_angled_halls,
          hangedman_vaults_cutoff, hangedman_vaults_slice,
          hangedman_vaults_nodes, v_misc_11, nicolae_trove_entry_columns
Vaults:4: st_hourglassy, vaults_dpeg_ring, v_misc_13, serial_ice_h,
          vaults_standard_mumra_enter_the_diamond, v_misc_33,
          vaults_room_hallway, hangedman_vaults_nails, v_alt_pattern_2,
          ontoclasm_vaults_decontamination
Depths:1: minmay_misc_feat_ornament, special_room, pan_entry, hellmouth_1,
          mikee_hates_you
Lab:      labyrinth_spiral, nicolae_lab_stuck, nicolae_lab_grate_2
Bazaar:   bazaar_kb_twisted_cavern
Volcano:  volcano_grotto

Skill      XL: |  1  2  3  4  5  6  7  8  9 10 11 12 13 14 15 16 17 18 19 20 21 |
---------------+----------------------------------------------------------------+-----
Shields        | 4 6 8 9 10 12 14 15 16 17 | 17.8
Armour         | 4 5 6 8 10 11 12 13 15 16 | 16.4
Long Blades    | 3 4 6 7 9 10 11 12 13 14 15 16 17 18 19 20 21 | 21.7
Fighting       | 4 6 7 9 10 12 13 14 15 17 18 19 20 | 20.8
Throwing       | 1 4 5 8 10 11 12 14 | 14.9
Invocations    | 3 5 6 8 9 |  9.5
Dodging        | 1 5 7 8 9 10 | 10.9
Evocations     | 2 4 5 |  5.7
Translocations | 1 3 |  3.4
Spellcasting   | 1 3 |  3.1

Action                   |  1- 3 |  4- 6 |  7- 9 | 10-12 | 13-15 | 16-18 | 19-21 || total
-------------------------+-------+-------+-------+-------+-------+-------+-------++-------
Melee: Long sword        |    98 |   120 |   147 |       |       |       |       ||   365
       Headbutt          |     5 |    24 |    65 |   134 |   325 |   349 |   398 ||  1300
       Great sword       |       |       |   230 |    99 |       |       |       ||   329
       Scimitar          |       |       |       |   469 |  1122 |  1323 |  1256 ||  4170
       Double sword      |       |       |       |       |       |     6 |       ||     6
       Demon blade       |       |       |       |       |       |       |    21 ||    21
Throw: Tomahawk          |       |       |     1 |       |       |       |       ||     1
       Javelin           |       |       |       |     3 |     4 |    56 |    16 ||    79
Invok: Heroism           |       |       |     1 |     7 |     8 |     6 |     3 ||    25
       Finesse           |       |       |       |     1 |     2 |     4 |     3 ||    10
  Use: Scroll            |       |     5 |     8 |     6 |    17 |     5 |     8 ||    49
       Potion            |       |       |     9 |     3 |       |       |       ||    12
 Stab: Distracted        |       |       |       |       |       |       |     1 ||     1
  Eat: Chunk             |     1 |     6 |    17 |    20 |    42 |    45 |    30 ||   161
       Royal jelly       |       |       |     1 |       |       |       |       ||     1
       Fruit             |       |       |       |     2 |       |       |       ||     2
Armor: Scale mail        |    33 |    52 |    62 |    17 |    43 |       |       ||   207
       Skin              |       |       |     4 |       |       |       |       ||     4
       Plate armour      |       |       |   155 |   278 |   208 |   637 |   328 ||  1606
       Chain mail        |       |       |       |       |    94 |       |       ||    94
Dodge: Dodged            |    37 |    43 |   132 |   243 |   371 |   569 |   323 ||  1718
       Deflected         |       |       |       |     8 |    10 |    35 |    41 ||    94
Block: Shield            |    51 |       |       |       |       |       |       ||    51
       Buckler           |    14 |    35 |    46 |   134 |   396 |   833 |   616 ||  2074
       Other             |       |       |       |       |    14 |       |       ||    14
       Reflection        |       |       |       |       |    15 |    36 |    60 ||   111
       Rpst.: Long sword |     3 |    19 |    12 |       |       |       |       ||    34
       Great sword       |       |       |    20 |    10 |       |       |       ||    30
       Scimitar          |       |       |       |    47 |    88 |   113 |    62 ||   310
       Demon blade       |       |       |       |       |       |       |     2 ||     2
